 Dungeon Crawl Stone Soup version 0.22-a0-402-ga933591 (webtiles) character file.

5161 KristoblXynda the Grappler (level 10, -8/85 HPs)
             Began as a Troll Wizard on May 7, 2018.
             Was a Follower of Ashenzari.
             Mangled by a killer bee (15 damage)
             ... on level 9 of the Dungeon.
             The game lasted 00:23:56 (7134 turns).

KristoblXynda the Grappler (Troll Wizard)           Turns: 7134, Time: 00:23:57

Health: -8/85      AC:  5    Str: 17    XL:     10   Next: 33%
Magic:  2/12       EV:  9    Int: 22    God:    Ashenzari [*.....]
Gold:   431        SH:  0    Dex:  8    Spells: 9/13 levels left

rFire    . . .     SeeInvis .     - Unarmed
rCold    . . .     Gourm    +   (no shield)
rNeg     . . .     Faith    .   a - +0 robe
rPois    .         Spirit   .   b - +0 hat
rElec    .         Reflect  .   (no cloak)
rCorr    .         Harm     .   (gloves unavailable)
MR       .....                  (boots unavailable)
Stlth    ++........             u - amulet of rage
HPRegen  0.64/turn              n - ring of stealth
MPRegen  0.13/turn              c - ring of wizardry (curse)

@: brilliant
A: large, unfitting armour, claws 3, fast metabolism 3, gourmand, regeneration
1, shaggy fur 1, tough skin 2
a: Curse Item, Scrying, Renounce Religion, Evoke Berserk Rage


You were on level 9 of the Dungeon.
You worshipped Ashenzari.
Ashenzari was aware of your devotion.
You were very full.

You visited 2 branches of the dungeon, and saw 10 of its levels.

You collected 431 gold pieces.

Inventory:

Hand Weapons
 p - a +1 whip of freezing
 x - a +1 whip of pain
Armour
 a - a +0 robe (worn)
 b - a +0 hat (worn)
 f - the +1 robe "Taimal" {rElec Int-5 SInv Stlth+}
   (You found it on level 4 of the Dungeon)

   It affects your intelligence (-5).
   It insulates you from electricity.
   It lets you see invisible.
   It makes you more stealthy.
Jewellery
 c - a cursed ring of wizardry (right claw)
 n - a ring of stealth (left claw)
 u - an amulet of rage (around neck)
Wands
 h - a wand of disintegration (15)
 w - a wand of digging (15)
 y - a wand of flame (38)
Scrolls
 i - 2 scrolls of blinking
 l - a scroll of noise {unknown}
 m - 3 scrolls of remove curse
 o - a scroll of enchant armour {unknown}
 r - 2 scrolls of amnesia {unknown}
 A - a scroll of fog {unknown}
Potions
 g - 2 potions of mutation
 k - 2 potions of brilliance
 q - 2 potions of agility
 s - a potion of haste
 t - a potion of flight {unknown}
 z - a potion of might
 B - a potion of lignification {unknown}
Comestibles
 d - 20 rations
 v - a chunk of flesh


   Skills:
 + Level 1.4 Fighting
 - Level 1.5 Dodging
 - Level 1.0 Stealth
 + Level 10.5 Unarmed Combat
 - Level 2.0 Spellcasting
 * Level 8.4 Conjurations
   Level 0.6 Summonings
   Level 0.6 Translocations


You had 9 spell levels left.
You knew the following spells:

 Your Spells              Type           Power        Failure   Level  Hunger
a - Magic Dart            Conj           ####         1%          1    #......
b - Mephitic Cloud        Conj/Pois/Air  ####....     1%          3    ###....


Dungeon Overview and Level Annotations

Branches:
Dungeon (9/15)             Temple (1/1) D:5
   Lair: D:8-11         Orc: D:9-12

Altars:
Ashenzari
Cheibriados
Elyvilon
Fedhas
Gozag
Hepliaklqana
Kikubaaqudgha
Makhleb
Nemelex Xobeh
Okawaru
Ru
Trog
Uskayaw
Vehumet
Wu Jian
Xom
Zin
The Shining One

Shops:
D:9 ?


Innate Abilities, Weirdness & Mutations

You are too large for most types of armour.
You have claws for hands.
Your metabolism is lightning-fast.
You like to eat raw meat.
Your natural rate of healing is unusually fast.
You are covered in fur. (AC +1)
You have very tough skin. (AC +2)


Message History

The killer bee stings the killer bee.
You see here a killer bee corpse.
You feel better.
The killer bee dies!
The killer bee stings you!
* * * LOW HITPOINT WARNING * * *
The killer bee stings you!
* * * LOW HITPOINT WARNING * * *
You are poisoned.
The killer bee poisons you!
You feel better.
You feel a bit more experienced. The killer bee stings you.
* * * LOW HITPOINT WARNING * * *
The killer bee stings you but does no damage.
The killer bee stings you!
* * * LOW HITPOINT WARNING * * *
The queen bee calls on something to defend it!
As you read the scroll of fear, it crumbles to dust.
You assume a fearsome visage.
The queen bee looks frightened!
The howler monkey looks frightened!
The killer bee stings you!
You die...

####### #.^.......#
....<.#### #.........#
.....[...## #.........#
.......⌠.⌠###.........#
...)..#.∩.............#
......#⌠.⌠###.........#
......#..## #.........#
###.###.## #####.#####
#.....# #.y@.# ####+##
#y#### #hy†.yy..%
#hyyy...%? y†h.y.....
##......... #..%...%..
#...%..... #.........


You could see a queen bee (fleeing), a howler monkey (fleeing) and a killer bee
(berserk).

Vanquished Creatures
  The ghost of p0werm0de the Cleaver, a novice DDFi of Makhleb (D:7)
  Pikel (D:7)
  Joseph (D:7)
  A hippogriff (D:8)
  4 hogs (D:7)
  A human (D:7)
  Eustachio (D:6)
  Menkaure (D:7)
  3 slaves (D:7)
  A black bear (D:6)
  An orc warrior (D:8)
  2 ice beasts
  2 ogres
  2 big kobolds
  A bullfrog (D:6)
  A scorpion (D:7)
  17 killer bees
  A wyvern skeleton (D:7)
  A howler monkey (D:8)
  3 electric eels (D:7)
  3 wights (D:7)
  5 crimson imps
  A centaur zombie (D:9)
  5 hounds
  3 orc wizards
  3 orc priests
  A bullfrog skeleton (D:4)
  A centaur skeleton (D:4)
  2 jellies
  3 iguanas
  5 worker ants
  A worker ant zombie (D:6)
  Robin (D:3)
  7 adders
  A howler monkey skeleton (D:6)
  2 adder skeletons
  3 worms
  5 dart slugs
  6 leopard geckos
  21 orcs
  3 bat zombies (D:4)
  7 giant cockroaches
  10 goblins
  13 hobgoblins
  4 jackals
  14 kobolds
  A quokka (D:9)
  3 ball pythons
  3 bats
  3 frilled lizards
  A quokka skeleton (D:8)
  13 rats
200 creatures vanquished.

Vanquished Creatures (collateral kills)
  2 killer bees (D:9)
2 creatures vanquished.

Vanquished Creatures (others)
  A slave (D:7)
  A killer bee (D:9)
  A howler monkey (D:9)
  A kobold (D:7)
4 creatures vanquished.

Grand Total: 206 creatures vanquished

Notes
Turn   | Place    | Note
-------+----------+-------------------------------------------
     0 | D:1      | KristoblXynda the Troll Wizard began the quest for the Orb.
     0 | D:1      | Reached XP level 1. HP: 16/16 MP: 2/2
   103 | D:1      | Reached skill level 1 in Conjurations
   157 | D:1      | Reached skill level 1 in Unarmed Combat
   163 | D:1      | Reached XP level 2. HP: 21/24 MP: 4/4
   799 | D:2      | Reached XP level 3. HP: 31/31 MP: 5/5
  1110 | D:2      | Reached skill level 2 in Unarmed Combat
  1214 | D:2      | Found a sacrificial altar of Ru.
  1651 | D:3      | Found a glowing golden altar of the Shining One.
  1680 | D:3      | Found a white marble altar of Elyvilon.
  1798 | D:3      | Noticed Robin
  1819 | D:3      | Reached XP level 4. HP: 39/39 MP: 6/6
  1848 | D:3      | Killed Robin
  1937 | D:3      | Found a sparkling altar of Nemelex Xobeh.
  2182 | D:4      | Reached skill level 3 in Unarmed Combat
  2224 | D:4      | Reached XP level 5. HP: 22/45 MP: 7/7
  2246 | D:4      | Found a snail-covered altar of Cheibriados.
  2358 | D:4      | Reached skill level 4 in Unarmed Combat
  2359 | D:4      | Noticed an ogre
  2376 | D:4      | Killed an ogre
  2376 | D:4      | Reached XP level 6. HP: 15/53 MP: 1/8
  2693 | D:4      | Got a warped robe
  2694 | D:4      | Identified the +1 robe "Taimal" {rElec Int-5 SInv Stlth+} (You found it on level 4 of the Dungeon)
  2824 | D:4      | Learned a level 3 spell: Mephitic Cloud
  3041 | D:4      | Found an ancient bone altar of Kikubaaqudgha.
  3062 | D:5      | Entered Level 5 of the Dungeon
  3142 | D:5      | Reached skill level 5 in Unarmed Combat
  3228 | D:5      | Reached XP level 7. HP: 45/59 MP: 9/9
  3483 | D:5      | Found a hazy altar of Hepliaklqana.
  3618 | D:5      | Found an opulent altar of Gozag.
  3690 | D:5      | Found a staircase to the Ecumenical Temple.
  3742 | Temple   | Entered the Ecumenical Temple
  3931 | Temple   | Became a worshipper of Ashenzari the Shackled
  4214 | D:6      | Reached skill level 6 in Unarmed Combat
  4301 | D:6      | Noticed Eustachio
  4310 | D:6      | Killed Eustachio
  4310 | D:6      | Reached skill level 5 in Conjurations
  4310 | D:6      | Reached XP level 8. HP: 67/67 MP: 10/10
  4657 | D:6      | Found a burning altar of Makhleb.
  4657 | D:6      | Noticed a cacodemon
  4660 | D:6      | Noticed a smoke demon
  4864 | D:7      | Reached skill level 7 in Unarmed Combat
  5020 | D:7      | Noticed Joseph
  5043 | D:7      | Killed Joseph
  5184 | D:7      | Found a burning altar of Makhleb.
  5285 | D:7      | Reached skill level 8 in Unarmed Combat
  5401 | D:7      | Noticed Pikel
  5408 | D:7      | Killed Pikel
  5408 | D:7      | Reached XP level 9. HP: 74/74 MP: 11/11
  5475 | D:7      | Found a sacrificial altar of Ru.
  5493 | D:7      | Noticed Menkaure
  5503 | D:7      | Killed Menkaure
  5510 | D:7      | Noticed p0werm0de's ghost (novice DDFi)
  5700 | D:7      | Killed p0werm0de's ghost
  5700 | D:7      | Reached skill level 9 in Unarmed Combat
  6037 | D:7      | Reached skill level 10 in Unarmed Combat
  6402 | D:8      | Reached XP level 10. HP: 72/81 MP: 12/12
  6527 | D:8      | HP: 2/81 [orc warrior/halberd (22)]
  6835 | D:8      | Reached * piety under Ashenzari
  6969 | D:9      | Found Fohoteso's Magic Scroll Boutique.
  7074 | D:9      | Reached skill level 1 in Fighting
  7134 | D:9      | Mangled by a killer bee

Vault maps used:
D:1:      dpeg_arrival_yet_another_circle, minivault_19
D:2:      first_ration, roderic_lattice_a, kennysheep_nub,
          nicolae_ru_awakened_eye
D:3:      nemelex_xobeh_ov_fountains_minmay, elyvilon_altar_5, tso_oasis_becter,
          uniq_robin
D:4:      lemuel_zombie_altar_kikubaaqudgha, kennysheep_slug_shrine,
          dk_vineyard_3, kennysheep_generic_room_3
D:5:      nicolae_overflow_hidden_temple, minmay_temple_entry_fiery, basic_altar
D:6:      makhleb_altar_promises_db, uniq_eustachio
D:7:      lemuel_round_altar, marbit_many_paths, grunt_livestock,
          minmay_misc_feat_nine_boxes, fountainhead, kennysheep_minor_cross,
          uniq_menkaure, uniq_joseph, uniq_pikel
D:9:      chequers_temple_overflow_minitemple, serial_shops, shop_fountains,
          tso_altar
Temple:   compressed_dpeg_triangle_lava_temple

Skill      XL: |  1  2  3  4  5  6  7  8  9 10 |
---------------+-------------------------------+-----
Conjurations   | 1 2 3 5 6 7 8 |  8.4
Unarmed Combat | 1 2 3 4 5 6 8 10 | 10.5
Fighting       | 1 |  1.4
Dodging        | |  1.5
Stealth        | |  1.0
Spellcasting   | |  2.0
Summonings     | |  0.6
Translocations | |  0.6

Action                   |  1- 3 |  4- 6 |  7- 9 | 10-12 || total
-------------------------+-------+-------+-------+-------++-------
Melee: Unarmed           |   166 |   172 |   258 |   107 ||   703
       Punch             |     1 |     2 |    10 |     3 ||    16
 Cast: Magic Dart        |       |     6 |    18 |       ||    24
       Mephitic Cloud    |       |       |       |    10 ||    10
Invok: Curse Item        |       |       |     1 |       ||     1
 Abil: Evoke Berserk Rag |       |       |     2 |       ||     2
Evoke: Wand              |       |       |     2 |       ||     2
  Use: Scroll            |     7 |     2 |     5 |     1 ||    15
       Potion            |       |       |     2 |     5 ||     7
 Stab: Sleeping          |     5 |       |     2 |       ||     7
       Distracted        |       |     1 |       |       ||     1
       Confused          |       |       |       |     4 ||     4
  Eat: Chunk             |    22 |    13 |    25 |    11 ||    71
       Ration            |       |       |     1 |       ||     1
Armor: Robe              |    64 |    53 |    62 |    38 ||   217
Dodge: Dodged            |    81 |    76 |    86 |    56 ||   299

Table legend:
 A = Spawn XP
 B = Non-spawn XP
 C = Spawn XP percentage of total XP
 D = Spawn monster count
 E = Non-spawn monster count
 F = Spawn count percentage of total count
 G = Total turns spent on level
                    A         B        C        D         E        F      G
               +---------+---------+-------+---------+---------+-------+---------
         Total |       0 |    7374 |   0.0 |       0 |     201 |   0.0 |  7134
               +---------+---------+-------+---------+---------+-------+---------
           D:1 |       0 |      38 |   0.0 |       0 |      23 |   0.0 |   778
           D:2 |       0 |      20 |   0.0 |       0 |      12 |   0.0 |   675
           D:3 |       0 |     127 |   0.0 |       0 |      36 |   0.0 |   734
           D:4 |       0 |     503 |   0.0 |       0 |      25 |   0.0 |   875
           D:5 |       0 |     165 |   0.0 |       0 |      13 |   0.0 |   728
           D:6 |       0 |     805 |   0.0 |       0 |      11 |   0.0 |   789
           D:7 |       0 |    3656 |   0.0 |       0 |      27 |   0.0 |  1564
           D:8 |       0 |    1349 |   0.0 |       0 |      33 |   0.0 |   695
           D:9 |       0 |     711 |   0.0 |       0 |      21 |   0.0 |    95
               +---------+---------+-------+---------+---------+-------+---------
